 Dungeon Crawl Stone Soup version 0.29.1-1-gd02db6906a (console) character file.

Game seed: 2288932085038921573

2 sentinel the Digger (level 1, -1/14 HPs)
             Began as a Meteoran Earth Elementalist on Oct 12, 2022.
             Slain by a hobgoblin (3 damage)
             ... on level 1 of the Dungeon.
             The game lasted 00:00:01 (36 turns).

sentinel the Digger (Meteoran Earth Elementalist)     Turns: 36, Time: 00:00:01

Health: -1/14      AC:  2    Str:  9    XL:     1   Next: 57%
Magic:  1/5        EV: 12    Int: 16    God:
Gold:   0          SH:  0    Dex: 14    Spells: 4/5 levels left

rFire   . . .      SeeInvis .   (no weapon)
rCold   . . .      Faith    .   (no shield)
rNeg    . . .      Spirit   .   a - +0 robe
rPois   .          Reflect  .   (no helmet)
rElec   .          Harm     .   (no cloak)
rCorr   .          Rampage  .   (no gloves)
Will    .....                   (no boots)
Stlth   +.........              (no amulet)
HPRegen 0.04/turn               (no ring)
MPRegen 0.09/turn               (no ring)

@: glowing
A: sense surroundings 1, otherworldly, glowing, explore regen
a: no special abilities


You were on level 1 of the Dungeon.
You visited 1 branch of the dungeon, and saw 1 of its levels.

Inventory:

Armour
 a - a +0 robe (worn)
Potions
 b - a potion of magic


   Skills:
 - Level 2.4 Dodging
 - Level 1.4 Stealth
 - Level 2.6 Spellcasting
 - Level 1.2 Transmutations
 + Level 3.9 Earth Magic


You had 4 spell levels left.
You knew the following spells:

 Your Spells              Type           Power      Damage    Failure   Level
a - Sandblast             Erth           28%        2d8       4%          1

Your spell library contained the following spells:

 Spells                   Type           Power      Damage    Failure   Level
 Passwall                 Tmut/Erth      8%         N/A       11%         2
 Stone Arrow              Conj/Erth      16%        3d8       26%         3
 Petrify                  Tmut/Erth      10%        N/A       56%         4


Dungeon Overview and Level Annotations

Branches:
Dungeon (1/15) Zot: 560

Altars:


Innate Abilities, Weirdness & Mutations

You passively map a small area around you.
You are easily found by Zot.
You glow in the dark.
You regain HP and MP as you explore.


Message History

Welcome, sentinel the Meteoran Earth Elementalist.
The awesome Orb of Zot lies far below, as if waiting for you to find it.
Press ? for a list of commands and other information.
Found a staircase leading out of the dungeon.
Unknown command.
Unknown command.
Unknown command.
You open the door.
Found 8 gold pieces.
Unknown command.
There is an open door here.
Found 13 gold pieces.
Unknown command.
You see here 13 gold pieces.
Found 4 poisoned darts.
Unknown command.
A hobgoblin, a quokka and a goblin come into view.
The hobgoblin shouts!
Unknown command.
But you're not safe!
Unknown command.
The blast of sand hits the quokka but does no damage.
The quokka closely misses you.
You closely miss the quokka. The quokka closely misses you.
The blast of sand misses the quokka.
The quokka closely misses you. The quokka misses you.
Unknown command.
The blast of sand hits the quokka but does no damage.
The quokka barely misses you. The hobgoblin hits you. The quokka bites you.
Unknown command.
The blast of sand hits the quokka!
You kill the quokka!
The hobgoblin hits you. The goblin hits you with a +0 club.
The hobgoblin closely misses you.
Unknown command.
The blast of sand hits the goblin!
You kill the goblin!
The hobgoblin hits you.
Unknown command.
You hit the hobgoblin but do no damage. The hobgoblin misses you.
You hit the hobgoblin.
The hobgoblin is lightly wounded.
The hobgoblin closely misses you.
You are out of magic!
Unknown command.
You are out of magic!
Unknown command.
You are out of magic!
Unknown command.
You are out of magic!
Unknown command.
You completely miss the hobgoblin.
The hobgoblin is lightly wounded.
The hobgoblin hits you.
You die...

, * , * , #.... , #...
#.# .######..., *, #+*
#.#*.........###### #.
#.# ..........?.... #.##
#.# ...............
##.###.##......)g.......
, *
#...##.##.######@(......
#..#.#.##.#.....#+######
* ##..#..##.#.##.....#*,
#$.###.##.#.##.....##.
** *
#'####.##.#............
....##.##.#.....####...,
, ....##.##.#.....# *
.., , ....##.$........#
* ,,., , ,
#########.##......., *


You could see a hobgoblin.

Vanquished Creatures
  A goblin (D:1)
  A quokka (D:1)
2 creatures vanquished.

Notes
Turn   | Place    | Note
-------+----------+-------------------------------------------
     0 | D:1      | sentinel the Meteoran Earth Elementalist began the quest
                  | for the Orb.
     0 | D:1      | Reached XP level 1. HP: 14/14 MP: 5/5
    36 | D:1      | Slain by a hobgoblin

Illustrated notes

Levels and vault maps discovered:
D:1:      elethiomel_arrival_fortress_basement, layout_basic, serial_shops,
          nicolae_shop_bloodbath_and_beyond, minmay_pentomino_x4

Action                   || total
-------------------------++-------
Melee: Unarmed           ||     4
 Cast: Sandblast         ||     5
Dodge: Dodged            ||     8
